 Dungeon Crawl Stone Soup version 0.30-a0-339-g89bb51ec76 (webtiles) character file.

Game seed: 17591322836702982023

60 Muataran the Chopper (level 4, -27/60 HPs)
             Began as a Hill Orc Monk on Oct 31, 2022.
             Killed by an exploding iguana (37 damage)
             ... ignited by their inner flame
             ... on level 4 of the Dungeon.
             The game lasted 00:04:30 (2104 turns).

Muataran the Chopper (Hill Orc Monk)                Turns: 2104, Time: 00:04:33

Health: -27/60     AC: 22    Str: 15    XL:     4   Next: 6%
Magic:  4/4        EV:  2    Int: 10    God:
Gold:   72         SH:  0    Dex: 13    Spells: 3/3 levels left

rFire   . . .      SeeInvis .    a - +1 hand axe
rCold   . . .      Faith    .    (no shield)
rNeg    . . .      Spirit   .    (body armour currently unavailable)
rPois   +          Reflect  .    (helmet currently unavailable)
rElec   .          Harm     .    (cloak currently unavailable)
rCorr   .          Rampage  .    (gloves currently unavailable)
Will    .....      NoTele   +    (boots currently unavailable)
Stlth   ++........               (no amulet)
HPRegen 0.30/turn                (no ring)
MPRegen 0.09/turn                (no ring)

@: tree-form
A: stationary, stasis, torment immunity, boosted hp
a: no special abilities


You were on level 4 of the Dungeon.
You were a tree.
You visited 1 branch of the dungeon, and saw 4 of its levels.

You collected 72 gold pieces.

Inventory:

Hand Weapons
 a - a +1 hand axe (weapon)
Armour
 b - a +0 robe
 g - a +0 tower shield
 n - a +0 ring mail (melded)
Scrolls
 p - a scroll of immolation
Potions
 d - 3 potions of lignification
 e - a potion of invisibility {unknown}
 f - a potion of cancellation {unknown}
 h - a potion of curing {unknown}
 i - 2 potions of mutation {unknown}
 l - a potion of haste {unknown}
 o - 2 potions of brilliance {unknown}
 q - a potion of heal wounds {unknown}
 r - a potion of flight {unknown}


   Skills:
 + Level 4.2 Fighting
 * Level 5.5 Axes
 - Level 2.4 Dodging
 - Level 1.5 Stealth
 + Level 1.3 Shields


You had 3 spell levels left.
You didn't know any spells.
Your spell library contained the following spells:

 Spells                   Type           Power      Damage    Failure   Level
 Freeze                   Ice            0%         1d3       36%         1
 Frozen Ramparts          Ice            0%         1d1       75%         3
 Hailstorm                Conj/Ice       0%         3d3       75%         3


Dungeon Overview and Level Annotations

Branches:
Dungeon (4/15)
 Temple: D:4-7

Altars:

Shops:
D:1 :


Message History

The iguana bites you but does no damage.
The iguana bites you but does no damage.
The iguana bites you but does no damage.
The iguana hisses menacingly.
The iguana bites you.
You feel less invigorated.
You feel less confused. The iguana bites you.
An orc wizard appears from thin air!
Reactivating autopickup.
The iguana bites you but does no damage.
The orc wizard casts a spell.
The orc wizard flickers and vanishes!
Deactivating autopickup; reactivate with Ctrl-A.
The iguana bites you. The iguana bites you.
The iguana bites you but does no damage.
You hit the iguana but do no damage.
The iguana is severely wounded.
The iguana bites you.
* * * LOW HITPOINT WARNING * * *
The iguana bites you but does no damage.
You hit the iguana but do no damage.
The iguana is severely wounded.
The iguana bites you but does no damage.
You hit the iguana but do no damage.
The iguana is severely wounded.
The iguana hisses menacingly.
The iguana bites you!
* * * LOW HITPOINT WARNING * * *
You barely miss the iguana.
The iguana is severely wounded.
The iguana bites you but does no damage.
You hit the iguana.
Flame seeps out of the iguana.
The iguana is almost dead.
The iguana is engulfed in blazing flames.
The iguana explodes!
The fiery explosion engulfs you!!!
Ouch! That really hurt!
You die...

###########################
#.......##................#
#.......##.#############.##
#.......##.#...........#.#
#.......##.#.............#
#.......##.#.#.#.....#.###
#........†.........#.#.#
#...)†..##.#..##.#.#...#
#####'####♣#.....#.#####
#.# #○#.#####.#
###########.# #o#.......#
.....†......####{#######.#
................{o...>####*
......#.............o.oo,,*
....#.#.#############.##,**
.##.#.#.# *,#*,* .##.#.#.#
*,**,*


You could see 2 orcs.

Vanquished Creatures
  An iguana (D:4)
  A worm (D:4)
  2 dart slugs (D:3)
  2 endoplasms
  3 giant cockroaches
  6 goblins
  6 hobgoblins
  4 jackals (D:1)
  2 quokkas
  7 ball pythons
  5 bats
  3 frilled lizards
  4 kobolds
  4 rats
50 creatures vanquished.

Notes
Turn   | Place    | Note
-------+----------+-------------------------------------------
     0 | D:1      | Muataran the Hill Orc Monk began the quest for the Orb.
     0 | D:1      | Reached XP level 1. HP: 19/19 MP: 1/1
   407 | D:1      | Found Uqaghitz's Vocational Training.
   411 | D:1      | Reached XP level 2. HP: 27/27 MP: 2/2
   715 | D:1      | Found Vuto's General Store.
  1093 | D:2      | Reached skill level 5 in Axes
  1108 | D:2      | Reached XP level 3. HP: 33/33 MP: 3/3
  1540 | D:3      | Reached skill level 1 in Shields
  1837 | D:4      | Noticed a scorpion
  1952 | D:4      | Reached XP level 4. HP: 36/40 MP: 4/4
  2086 | D:4      | Identified a scroll of acquirement
  2086 | D:4      | Acquired a manual of Dodging
  2104 | D:4      | Killed by an exploding iguana... ignited by their inner
                  | flame

Illustrated notes

Levels and vault maps discovered:
D:1:      dpeg_arrival_rhombi, layout_basic, serial_shops,
          nicolae_lakefront_shop, minmay_misc_feat_five, nicolae_shop_vocational
D:2:      layout_loops_ring, amcnicky_mini_pool_small,
          hangedman_decor_clover_reticule
D:3:      layout_basic
D:4:      layout_basic, ebering_ghost_rock_garden, minmay_misc_feat_ornament

Skill      XL: |  1  2  3 |
---------------+----------+-----
Fighting       | 4 |  4.2
Axes           | 5 |  5.5
Shields        | 1 |  1.3
Dodging        | |  2.4
Stealth        | |  1.5

Action                   |  1- 3 |  4- 6 || total
-------------------------+-------+-------++-------
Melee: Hand axe          |   154 |    32 ||   186
       Punch             |       |     1 ||     1
  Use: Scroll            |       |     6 ||     6
       Potion            |       |     2 ||     2
 Stab: Sleeping          |     3 |       ||     3
Armor: Robe              |    19 |       ||    19
       Ring mail         |    13 |     5 ||    18
       Skin              |       |     9 ||     9
Dodge: Dodged            |   112 |    16 ||   128

Table legend: (Time is in decaauts)
 A = Elapsed time spent in this place.
 B = Non-inter-level travel time spent in this place.
 C = Inter-level travel time spent in this place.
 D = Time resting spent in this place.
 E = Time spent auto-exploring this place.
 F = Levels seen in this place.
 G = Mean time per level.
                   A        B        C        D        E       F      G
               +--------+--------+--------+--------+--------+-----+--------+
         Total |   2113 |   2011 |    102 |     21 |   1528 |   4 |  528.2 |
       Dungeon |   2113 |   2011 |    102 |     21 |   1528 |   4 |  528.2 |
               +--------+--------+--------+--------+--------+-----+--------+

Top non-repeatable levels by time:
     D:1: 759 daAuts
     D:2: 589 daAuts
     D:3: 525 daAuts
     D:4: 238 daAuts
